cohdb
Replays
Latest Replays
All Replays
Popular Replays
Top Player Replays
Match Explorer
How It Works
Community
CoH3 Stats
Reddit
Sign in to upload your games and track your stats! →
Sign in with Steam
Match 39403787
Unlisted
Match 39403787
Overview
Messages
Build Orders
End
Construct Barracks
Riflemen Squad
Engineer Squad
Selects Heavy Weapons
Riflemen Squad
Construct Medical Station
Grenade Package
Selects Assault Carriers
Construct Weapon Support Center
Infantry Support Center
M3 Assault Carrier
Riflemen Squad
Selects M2HB .50cal Heavy Machine Gun
M1919 Machine Gun Team
Construct Motor Pool
M1918 Browning Automatic Rifles
Gabe_Real
Turtleboy
0
0
Comments
sign in to comment!
No comments posted yet!